 Dungeon Crawl Stone Soup version 0.32-a0-629-g87aaac5c70 (webtiles) character file.

Game seed: 12850455168754898737

113 GeoRichter the Chopper (level 4, -12/37 HPs)
             Began as a Coglin Berserker on Mar 6, 2024.
             Was a Believer of Trog.
             Killed from afar by Ijyb (15 damage)
             ... with a bolt of light
             ... on level 3 of the Dungeon.
             The game lasted 00:04:20 (2460 turns).

GeoRichter the Chopper (Coglin Berserker)           Turns: 2460, Time: 00:04:21

Health: -12/37     AC:  5    Str: 19    XL:     4   Next: 96%
Magic:  4/4        EV: 11    Int:  6    God:    Trog [**....]
Gold:   24         SH:  0    Dex: 14    Spells: 3/3 levels left

rFire   . . .        a - +0 hand axe {Jia}
rCold   . . .        n - +0 flail {Isabel}
rNeg    . . .        i - +0 ring mail
rPois   .            (no helmet)
rElec   .            (no cloak)
rCorr   .            (no gloves)
SInv    .            (no boots)
Will    ++...        (amulet unavailable)
Stlth   +            (ring unavailable)
HPRegen 1.26/turn    (ring unavailable)
MPRegen 0.09/turn    (no gizmo)

%: no passive effects
@: strong-willed, on berserk cooldown, regenerating, slowed, revved, very slow
A: off-hand wielding, slow wielding, warmup strikes, no jewellery
a: Invent Gizmo, Renounce Religion, Berserk, Trog's Hand


You were on level 3 of the Dungeon.
You worshipped Trog.
Trog was pleased with you.
You visited 1 branch of the dungeon, and saw 3 of its levels.

You collected 50 gold pieces.
You spent 26 gold pieces at shops.

Inventory:

Hand Weapons
 a - a +0 hand axe (weapon) {Jia}
 n - a +0 flail (offhand) {Isabel}
   (You took it off a gnoll on level 3 of the Dungeon)
 o - a +0 flail
   (You took it off a gnoll on level 3 of the Dungeon)
Missiles
 c - 3 javelins (quivered)
Armour
 f - a +0 leather armour
   (You found it on level 1 of the Dungeon)
 i - a +0 ring mail (worn)
   (You found it on level 1 of the Dungeon)
Scrolls
 b - a scroll of poison {!r}
 d - a scroll of fog
 k - a scroll of teleportation {@r4}
 l - a scroll of amnesia {unknown}
 m - a scroll of revelation
Potions
 e - a potion of haste {unknown}
 g - 2 potions of heal wounds {unknown}
 h - a potion of invisibility
 j - a potion of magic {unknown}
 p - a potion of attraction {unknown}
 q - a potion of enlightenment {unknown}


   Skills:
 + Level 3.9 Fighting
 * Level 4.8 Axes
 - Level 1.7 Armour
 - Level 1.7 Dodging


You had 3 spell levels left.
You didn't know any spells.
Your spell library was empty.

Dungeon Overview and Level Annotations

Branches:
Dungeon (3/15) Zot: 15503

Altars:

Shops:
D:2 ?

Annotations:
D:3 Ijyb


Innate Abilities, Weirdness & Mutations

You can wield a second weapon in your off-hand.
It takes a long time for you to wield or remove held weapons.
Your first few attacks do less damage.
You cannot equip rings or amulets.


Message History

You are no longer berserk.
You are exhausted.
You feel yourself slow down.
You feel less confused.
Ijyb screams, "They call me mad!"
Ijyb attacks as she pursues you! Ijyb hits you with a +0 club.
Ijyb zaps a wand.
The bolt of light misses you.
You hit Ijyb with your +0 flail.
Ijyb is moderately wounded.
You closely miss Ijyb with your +0 hand axe.
Ijyb hits you with a +0 club.
* * * LOW HITPOINT WARNING * * *
You completely miss Ijyb with your +0 hand axe.
Ijyb is moderately wounded.
You closely miss Ijyb with your +0 flail.
Ijyb hits you with a +0 club.
* * * LOW HITPOINT WARNING * * *
Ijyb hits you with a +0 club.
* * * LOW HITPOINT WARNING * * *
You closely miss Ijyb with your +0 hand axe.
Ijyb is moderately wounded.
You closely miss Ijyb with your +0 flail.
Ijyb hits you but does no damage. x2
You closely miss Ijyb with your +0 hand axe.
Ijyb is moderately wounded.
You closely miss Ijyb with your +0 flail.
Ijyb barely misses you. Ijyb hits you with a +0 club.
* * * LOW HITPOINT WARNING * * *
You hit Ijyb with your +0 hand axe.
Ijyb is heavily wounded.
You sock Ijyb with your +0 flail! Ijyb hits you with a +0 club.
* * * LOW HITPOINT WARNING * * *
You hit Ijyb but do no damage.
Ijyb is almost dead.
You hit Ijyb but do no damage.
Ijyb zaps a wand.
The bolt of light hits you!
* * * LOW HITPOINT WARNING * * *
Ijyb barely misses you.
Okay, then.
Okay, then.
You aren't carrying any items that you can evoke.
Unknown command.
Your skin crawls.
You feel strong-willed.
Ijyb zaps a wand.
The bolt of light hits you!
You die...
Ijyb screams, "Time for next experiment!"

.......# .......#
.......# .......#
..=....# .#######
###### .# ######
#....!# .#####....#
####.......
...)......#
#.g@...>...
######....#
#†#.⌠...?.⌠ #....#
##.#........
#....###..##..⌠.⌠..
#........## #.....#
##....#### #...##
......>## ..)..
######## .....


You could see Ijyb.

Vanquished Creatures
  4 gnolls (D:3)
  An adder (D:3)
  2 ribbon worms
  11 ball pythons
  4 endoplasms
  3 giant cockroaches (D:1)
  5 hobgoblins
  8 kobolds
  A quokka (D:1)
  7 bats
  A frilled lizard (D:1)
  5 goblins
  5 rats
57 creatures vanquished.

Vanquished Creatures (others)
  A hobgoblin (D:3)
1 creature vanquished.

Grand Total: 58 creatures vanquished

Notes
Turn   | Place    | Note
-------+----------+-------------------------------------------
     0 | D:1      | GeoRichter the Coglin Berserker began the quest for the
                  | Orb.
     0 | D:1      | Reached XP level 1. HP: 18/18 MP: 1/1
    76 | D:1      | Reached XP level 2. HP: 24/24 MP: 2/2
   390 | D:1      | Reached XP level 3. HP: 29/29 MP: 3/3
   397 | D:1      | Reached ** piety under Trog
  1268 | D:2      | Reached skill level 4 in Axes
  1820 | D:2      | Found Uxoharghe's Magic Scroll Shop.
  1829 | D:2      | Bought a scroll of identify for 26 gold pieces
  2174 | D:3      | Reached XP level 4. HP: 37/37 MP: 4/4
  2442 | D:3      | Noticed Ijyb
  2460 | D:3      | Killed from afar by Ijyb

Illustrated notes

Levels and vault maps discovered:
D:1:      hellmonk_arrival_library, layout_basic
D:2:      layout_basic, serial_shops, nicolae_shop_pleasant_corner_grove
D:3:      layout_basic, serial_rivers, chequers_serial_rivers_micro_b,
          chequers_serial_rivers_large_a, chequers_serial_rivers_micro_a,
          chequers_serial_rivers_small_b, chequers_serial_rivers_small_b,
          grunt_ministairs_9, uniq_ijyb, uniq_natasha

Skill      XL: |  1  2  3 |
---------------+----------+-----
Axes           | 4 |  4.8
Fighting       | |  3.9
Armour         | |  1.7
Dodging        | |  1.7

Action                     |  1- 3 |  4- 6 || total
---------------------------+-------+-------++-------
  Melee: Hand axe          |   110 |    33 ||   143
         Dagger            |    99 |    16 ||   115
         Flail             |       |    16 ||    16
 Invoke: Berserk           |     2 |     1 ||     3
         Trog's Hand       |       |     1 ||     1
    Use: Scroll            |     5 |       ||     5
   Stab: Sleeping          |     1 |       ||     1
 Armour: Animal skin       |    25 |       ||    25
         Ring mail         |    40 |    25 ||    65
         Leather armour    |     4 |       ||     4
  Dodge: Dodged            |    75 |    21 ||    96

Table legend: (Time is in decaauts)
 A = Elapsed time spent in this place.
 B = Non-inter-level travel time spent in this place.
 C = Inter-level travel time spent in this place.
 D = Time resting spent in this place.
 E = Time spent auto-exploring this place.
 F = Levels seen in this place.
 G = Mean time per level.
                   A        B        C        D        E       F      G
               +--------+--------+--------+--------+--------+-----+--------+
         Total |   2495 |   2417 |     78 |     52 |   1767 |   3 |  831.7 |
       Dungeon |   2495 |   2417 |     78 |     52 |   1767 |   3 |  831.7 |
               +--------+--------+--------+--------+--------+-----+--------+

Top non-repeatable levels by time:
     D:1: 1251 daAuts
     D:2: 869 daAuts
     D:3: 373 daAuts
